[Event "*** SCC Grand Prix: Titled Tuesday Blitz"]
[Site "Chess.com"]
[Date "2020.07.07"]
[Round "2"]
[White "awesomevishesh"]
[Black "Evgeny_Ermakov1965"]
[Result "0-1"]
[WhiteElo "2377"]
[BlackElo "2655"]
[TimeControl "180+1"]
[EndTime "10:18:34 PDT"]
[Termination "Evgeny_Ermakov1965 won on time"]

1. d4 d5 2. c4 e6 3. Nf3 Nf6 4. g3 dxc4 5. Bg2 Bb4+ 6. Bd2 Bxd2+ 7. Qxd2 O-O 8. Qc2 Nbd7 9. Qxc4 a6 10. O-O b5 11.
Qc6 Rb8 12. Nbd2 Bb7 13. Qc2 Qe7 14. Nb3 Rfc8 15. Rac1 c5 16. Nxc5 Nxc5 17. dxc5 Be4 18. Qc3 Qb7 19. b4 a5 20. a3 Nd5 21. Qd4 Nf6 22. Rfd1 Bd5 23. Nh4 Ra8 24. Bxd5 Qxd5 25. Qb2 Qb7 26. Nf3 axb4 27. axb4 Ra4 28. c6 Qe7 29.
Rc5 Nd5 30. Rxb5 Rxb4 31. Rxb4 Qxb4 32. Qxb4 Nxb4 33. Ne5 f6 34. c7 Nd5 35. e4 Nxc7 36.
Nc6 Kf7 37. Rd7+ Ke8 38. Rxg7 Nb5 39. Na7 Rc1+ 40. Kg2 Nd6 41. Rxh7 Rc2 42. h4 Nxe4 43. Kf3 Nd6 44. h5 Nf7 45. Kg2 Kf8 46. h6 f5 47. Nb5 e5 48. Rg7 Nxh6 49. Rg6 Ng4 50. Re6 Kf7 0-1

[Event "*** SCC Grand Prix: Titled Tuesday Blitz"]
[Site "Chess.com"]
[Date "2020.07.07"]
[Round "2"]
[White "Federtiu"]
[Black "KuzubovYuriy"]
[Result "1-0"]
[WhiteElo "2572"]
[BlackElo "2843"]
[TimeControl "180+1"]
[EndTime "10:18:35 PDT"]
[Termination "Federtiu won on time"]

1. e4 e6 2. d4 d5 3. Nc3 Nc6 4. Nf3 Nf6 5. e5 Nd7 6. Bd3 Nb4 7. Bg5 Be7 8. h4 Nxd3+ 9. Qxd3 a6 10. O-O-O b6 11. Qe3 Bb7 12. h5 h6 13. Bf4 c5 14. g4 Qc7 15. g5 cxd4 16. Rxd4 hxg5 17. Bxg5 Bc5 18. Ne2 Nb8 19. Qf4 Bxd4 20. Nexd4 Nc6 21.
h6 gxh6 22. Qf6 Rg8 23. Nxe6 fxe6 24. Qxe6+ Ne7 25. Bxe7 Qxe7 26. Qxg8+ Kd7 27. Qg6 Rf8 28. Qxb6 Kc8 29. Nd4 Rxf2 30. b3 Qxe5 31. Rxh6 Rf1+ 32. Kb2 Rf4 33. c3 Rf2+ 34. Ka3 Qe7+ 35. b4 1-0

[Event "*** SCC Grand Prix: Titled Tuesday Blitz"]
[Site "Chess.com"]
[Date "2020.07.07"]
[Round "2"]
[White "szachuspl"]
[Black "maciek_92"]
[Result "1-0"]
[WhiteElo "2489"]
[BlackElo "2666"]
[TimeControl "180+1"]
[EndTime "10:18:36 PDT"]
[Termination "szachuspl won on time"]

1. d4 f5 2. Nf3 Nf6 3. c4 g6 4.
e3 Bg7 5. b4 a5 6. b5 b6 7. Be2 Bb7 8. Bb2 O-O 9. O-O e6 10.
Nbd2 d6 11. a4 Nbd7 12. Qb3 Qe7 13. Rac1 h6 14. Rfe1 g5 15. Ba3 Kh8 16. Ne5 Nxe5 17. dxe5 Nd7 18. exd6 cxd6 19. Bf3 Nc5 20. Bxc5 dxc5 21.
Qc2 Rad8 22. Rcd1 Bc8 23. Bc6 g4 24. Nf1 Be5 25. g3 h5 26. Rxd8 Rxd8 27. Rd1 h4 28.
Rxd8+ Qxd8 29. Qd2 Qf6 30. Qd3 Kg7 31. Nd2 Kf7 32. Nb3 Ke7 33. Nc1 Bc7 34. Qc2 Qa1 35. Kf1 Be5 36. Ke2 h3 37. Nd3 Bd6 38. Ne1 Kf6 39.
f3 Bxg3 40. fxg4 1-0

[Event "*** SCC Grand Prix: Titled Tuesday Blitz"]
[Site "Chess.com"]
[Date "2020.07.07"]
[Round "2"]
[White "mbojan"]
[Black "Nemsko"]
[Result "1-0"]
[WhiteElo "2537"]
[BlackElo "2301"]
[TimeControl "180+1"]
[EndTime "10:18:36 PDT"]
[Termination "mbojan won by resignation"]

1. e4 e5 2. Nf3 Nc6 3. Bb5 a6 4.
Ba4 Nf6 5. O-O Be7 6. Re1 b5 7.
Bb3 d6 8. c3 O-O 9. h3 Nb8 10.
d4 Nbd7 11. Nbd2 Bb7 12. Bc2 Re8 13. Nf1 Bf8 14. Ng3 g6 15. a4 c6 16. b3 Bg7 17. Be3 Qc7 18. Qc1 Rad8 19. Qa3 Nf8 20. axb5 axb5 21. Qa5 Qe7 22. Qb4 exd4 23. cxd4 Ra8 24.
Qd2 Qc7 25. b4 N8d7 26. Qc3 Nb6 27. Bd3 Nfd7 28. Bxb5 Rxa1 29. Rxa1 Ra8 30. Bd3 Rxa1+ 31. Qxa1 Qb8 32. Nf1 Qa8 33. Qxa8+ Bxa8 34. N1d2 Na4 35.
Nc4 d5 36. exd5 cxd5 37. Nce5 Nxe5 38. dxe5 Bf8 39. b5 Bb7 40. Nd4 Nc5 41. Bc2 Nd7 42. f4 Bc5 43. Kf2 Kf8 44. Ne2 Ke7 45. Bxc5+ Nxc5 46. Ke3 Ne6 47. Nd4 Kd7 48. Nxe6 fxe6 49. Kd4 Bc8 50.
Kc5 Bb7 51. g3 Kc7 52. b6+ Kd7 53. Ba4+ Ke7 54. Bc6 Bc8 55. b7 Bxb7 56. Bxb7 1-0

[Event "*** SCC Grand Prix: Titled Tuesday Blitz"]
[Site "Chess.com"]
[Date "2020.07.07"]
[Round "2"]
[White "mbachez"]
[Black "GuuBol"]
[Result "0-1"]
[WhiteElo "2440"]
[BlackElo "2262"]
[TimeControl "180+1"]
[EndTime "10:18:37 PDT"]
[Termination "GuuBol won by resignation"]

1. e4 c5 2. Nf3 d6 3. c3 Nf6 4. Bd3 e5 5. Bc2 g6 6. O-O Bg7 7. d4 Nbd7 8. Na3 O-O 9. Nc4 Qe7 10. a4 cxd4 11. cxd4 exd4 12. Re1 Ne5 13. Qe2 Bg4 14.
b3 Rac8 15. Ncxe5 dxe5 16. Ba3 Qc7 17. Bxf8 Kxf8 18. Bd3 Nh5 19. h3 Nf4 20. Qd1 Be6 21. Bf1 Bh6 22. Nd2 Qc3 23. Nc4 Nh5 24. Ra2 f6 25. Ree2 d3 26. Re1 Rd8 27. Ne3 d2 28.
Re2 Bxb3 29. Raxd2 Bxd1 30. Rxd8+ Ke7 31. Nd5+ Kxd8 32.
Nxc3 Bxe2 33. Bxe2 Nf4 34. Bc4 Bf8 35. Bg8 h5 36.
Kh2 Nd3 37. Kg1 Nc5 38. Kf1 Ke7 39. Bh7 Kf7 40. g4 Kg7 41. gxh5 Kxh7 42. hxg6+ Kxg6 43.
Nd5 Nxe4 0-1

[Event "*** SCC Grand Prix: Titled Tuesday Blitz"]
[Site "Chess.com"]
[Date "2020.07.07"]
[Round "2"]
[White "ErikRonka"]
[Black "PauloFanha"]
[Result "1-0"]
[WhiteElo "2370"]
[BlackElo "1986"]
[TimeControl "180+1"]
[EndTime "10:18:37 PDT"]
[Termination "ErikRonka won on time"]

1. e4 d5 2. exd5 Qxd5 3. Nc3 Qd6 4. d4 Nf6 5. Nf3 c6 6. h3 Bf5 7. Ne5 Nbd7 8. Nc4 Qc7 9. Qf3 e6 10. Bf4 Qd8 11. O-O-O Nb6 12. Ne3 Bg6 13. g4 Bb4 14.
Nc4 Nxc4 15. Bxc4 Nd5 16. Nxd5 cxd5 17. Bb5+ Kf8 18. Qb3 Bd6 19. Be3 Rc8 20. c3 h6 21.
Bd3 Bxd3 22. Rxd3 g5 23. Qxb7 Kg7 24. Rf1 Rb8 25. Qa6 Qc7 26. Rd2 Rb6 27. Qd3 Rhb8 28.
h4 gxh4 29. Kb1 Ba3 30. b3 Rxb3+ 31. axb3 Rxb3+ 32. Kc2 Rb2+ 33. Kd1 Qb6 34. Rxb2 Qxb2 35. Qc2 Qa1+ 36. Ke2 Qb2 37. Qxb2 Bxb2 38. Kd3 Ba3 39. c4 dxc4+ 40. Kxc4 Bd6 41. Rh1 1-0

[Event "*** SCC Grand Prix: Titled Tuesday Blitz"]
[Site "Chess.com"]
[Date "2020.07.07"]
[Round "2"]
[White "aisha_zakirova"]
[Black "731291"]
[Result "0-1"]
[WhiteElo "2136"]
[BlackElo "2622"]
[TimeControl "180+1"]
[EndTime "10:18:38 PDT"]
[Termination "731291 won by resignation"]

1. d4 Nf6 2. c4 e6 3. Nf3 b6 4. g3 Bb7 5. Bg2 Be7 6. O-O O-O 7. Nc3 Ne4 8. Qc2 Nxc3 9. Qxc3 Bf6 10. Qc2 g6 11. e4 Bg7 12. Be3 d6 13. Rfd1 Nd7 14.
c5 bxc5 15. dxc5 Nf6 16. c6 Ba6 17. Qa4 Qc8 18. Rac1 Ng4 19. Bg5 Bxb2 20. Rb1 Bg7 21. h3 Nf6 22. e5 Nd5 23. exd6 cxd6 24. Qa3 Nc3 25. Qxd6 Bc4 26. Nd4 e5 27. Nc2 e4 28.
Rbc1 Ne2+ 29. Kh1 Nxc1 30. Rxc1 Be6 31. Rd1 Bxh3 32. Bxe4 Bg4 33. Rd2 Re8 34. f3 Bf5 35. Bxf5 Qxf5 36. Kg2 Qxg5 37. c7 Rac8 38. Qd7 Be5 39.
f4 Bxf4 40. Qd3 Bxd2 0-1

[Event "*** SCC Grand Prix: Titled Tuesday Blitz"]
[Site "Chess.com"]
[Date "2020.07.07"]
[Round "2"]
[White "GrafLermontov"]
[Black "VovenRogel"]
[Result "0-1"]
[WhiteElo "2482"]
[BlackElo "2700"]
[TimeControl "180+1"]
[EndTime "10:18:39 PDT"]
[Termination "VovenRogel won by resignation"]

1. d4 Nf6 2. c4 g6 3. Nc3 d5 4.
cxd5 Nxd5 5. e4 Nxc3 6. bxc3 Bg7 7. Nf3 c5 8. Be3 Qa5 9. Nd2 Nd7 10. Nb3 Qc7 11. Rc1 O-O 12. Be2 b6 13. O-O Bb7 14. d5 e6 15. c4 Rae8 16. Bf3 Qd6 17. g3 exd5 18. cxd5 Ne5 19. Bg2 c4 20. Nd4 a6 21.
Qc2 b5 22. a4 Ng4 23. Bf4 Qb6 24. Ne2 f5 25. axb5 axb5 26. h3 Ne5 27. Be3 Qd8 28. Nd4 Nd3 29. Rb1 Qd7 30. exf5 Bxd4 31. Bxd4 Rxf5 32.
h4 Rxd5 33. Be3 Rde5 34. Bxb7 Qxb7 35. Rfd1 Qd5 36. Qe2 h5 37. Qf1 Rxe3 38. fxe3 Rxe3 39. Qg2 Qe5 40. Rf1 Rxg3 0-1

[Event "*** SCC Grand Prix: Titled Tuesday Blitz"]
[Site "Chess.com"]
[Date "2020.07.07"]
[Round "2"]
[White "tigra"]
[Black "Stosk"]
[Result "1-0"]
[WhiteElo "2784"]
[BlackElo "2330"]
[TimeControl "180+1"]
[EndTime "10:18:39 PDT"]
[Termination "tigra won on time"]

1. d4 d5 2. c4 e6 3. Nc3 a6 4.
Nf3 dxc4 5. a4 Nc6 6. e4 Na5 7. Bg5 Be7 8. Bxe7 Nxe7 9. Ne5 Nb3 10. Rb1 Nxd4 11. Bxc4 O-O 12. O-O Qd6 13. Ng4 e5 14. Ne3 Be6 15. Qh5 Ng6 16. Rfd1 Nf4 17. Qh4 Bxc4 18.
Nxc4 Qg6 19. Qxf4 exf4 20. Rxd4 Rad8 21. Nd5 Kh8 22. Rbd1 Qh5 23. b4 c6 24. Nc3 Rxd4 25.
Rxd4 b5 26. axb5 cxb5 27. Nd6 h6 28. f3 Qg6 29. Rd3 Kh7 30. Nf5 Qf6 31. h4 g6 32.
Nd4 Rd8 33. Nd5 Qe5 34. Ne2 g5 35. h5 Rc8 36. Kh2 Rc2 37. Nd4 Rb2 38. Nc6 Qe6 39. Nd8 Qe5 40. Nxf7 Qg7 41. Nd6 g4 42. Nf5 Qg5 43. fxg4 Qxg4 44. Nf6+ Kh8 45. Rd8+ 1-0

[Event "*** SCC Grand Prix: Titled Tuesday Blitz"]
[Site "Chess.com"]
[Date "2020.07.07"]
[Round "2"]
[White "Yoshikrov"]
[Black "Onegust"]
[Result "1-0"]
[WhiteElo "2084"]
[BlackElo "2603"]
[TimeControl "180+1"]
[EndTime "10:18:40 PDT"]
[Termination "Yoshikrov won by resignation"]

1. e4 c5 2. Nf3 d6 3. d4 cxd4 4. Nxd4 Nf6 5. Nc3 a6 6. Be3 e5 7. Nb3 Be7 8. f3 Be6 9. Qd2 h5 10. O-O-O Nbd7 11. Nd5 Bxd5 12. exd5 Rc8 13. Kb1 Nb6 14.
Bxb6 Qxb6 15. Be2 O-O 16. g4 hxg4 17. fxg4 Ne4 18. Qe1 Nf2 19. Rg1 Nxd1 20. Qxd1 a5 21.
a3 e4 22. g5 Qe3 23. h4 f5 24. Nd4 f4 25. Ne6 f3 26. Bb5 Rf5 27. Re1 Qb6 28. Bd7 f2 29. Bxc8 fxe1=Q 30. Qxe1 Re5 31. Nf4 Kf7 32. Be6+ Ke8 33. Ng6 Qd4 34. Nxe5 Qxe5 35. Qxa5 e3 36. Qa8+ Bd8 37. Qxb7 1-0

[Event "*** SCC Grand Prix: Titled Tuesday Blitz"]
[Site "Chess.com"]
[Date "2020.07.07"]
[Round "2"]
[White "winniethepooh04"]
[Black "yamalchess"]
[Result "0-1"]
[WhiteElo "2210"]
[BlackElo "2448"]
[TimeControl "180+1"]
[EndTime "10:18:40 PDT"]
[Termination "yamalchess won by checkmate"]

1. d4 f5 2. Bg5 Nc6 3. Nf3 g6 4. e3 Nh6 5. Be2 Nf7 6. Bf4 Bg7 7. O-O d6 8. h3 e5 9. Bh2 O-O 10. c4 e4 11. Nfd2 Re8 12. Nc3 g5 13. Rc1 Bd7 14. a3 a5 15. Qc2 Nh8 16. Rce1 Ng6 17. f3 exf3 18. Bxf3 Rxe3 19. Bxc6 bxc6 20. Rxe3 Bxd4 21.
Qd3 Qf6 22. Kh1 Bxe3 23. Qxe3 Re8 24. Qd3 h5 25. Qc2 g4 26. hxg4 hxg4 27. Qd3 Qg5 28. Nde4 Qh4 29. Ng3 Ne5 30. Qc2 Rf8 31. Nce2 Qg5 32.
Nf4 Rf7 33. Nfe2 Rh7 34. Nxf5 Nf3 35. gxf3 Bxf5 36. f4 Rxh2+ 37. Kxh2 Qh4+ 38. Kg2 Qh3+ 39. Kf2 Bxc2 40. Nd4 g3+ 41. Kf3 g2+ 42. Kf2 gxf1=Q# 0-1

[Event "*** SCC Grand Prix: Titled Tuesday Blitz"]
[Site "Chess.com"]
[Date "2020.07.07"]
[Round "2"]
[White "poppy73"]
[Black "boo786"]
[Result "1-0"]
[WhiteElo "2216"]
[BlackElo "2420"]
[TimeControl "180+1"]
[EndTime "10:18:40 PDT"]
[Termination "poppy73 won on time"]

1. e4 c5 2. Nf3 e6 3. d4 cxd4 4.
Nxd4 Nc6 5. Nc3 Qc7 6. Be2 Nf6 7.
O-O a6 8. Be3 Bb4 9. Na4 O-O 10.
Nxc6 bxc6 11. Qd4 Bd6 12. f4 e5 13. Qd3 exf4 14. Bb6 Qb8 15. Rad1 Be5 16. Bc5 d6 17. Bxd6 Bxd6 18. Qxd6 Qxd6 19. Rxd6 Nxe4 20. Rxc6 Bd7 21. Rc7 Bxa4 22. Rc4 Nd2 23. Rxa4 Nxf1 24. Kxf1 Rfc8 25.
c3 a5 26. Rxf4 Rab8 27. Bg4 Rd8 28. b4 Rd3 29. Rc4 g6 30. a4 axb4 31. cxb4 Rb3 32. b5 Rb2 33. Bd7 Kg7 34. a5 R8xb5 35. Bxb5 Rxb5 36. Ra4 Rb7 37. a6 Ra7 38. Ke2 Kf6 39.
Kd3 Ke6 40. Kc4 Kd6 41. Kb5 Kc7 42. Rc4+ Kb8 43. Re4 1-0

[Event "*** SCC Grand Prix: Titled Tuesday Blitz"]
[Site "Chess.com"]
[Date "2020.07.07"]
[Round "2"]
[White "OK97"]
[Black "PotapovaM"]
[Result "1-0"]
[WhiteElo "2757"]
[BlackElo "2507"]
[TimeControl "180+1"]
[EndTime "10:18:41 PDT"]
[Termination "OK97 won by resignation"]

1. d4 Nf6 2. c4 g6 3. Nc3 d5 4. cxd5 Nxd5 5. e4 Nxc3 6. bxc3 Bg7 7. Qa4+ Nd7 8. Nf3 O-O 9. Be2 c5 10. O-O a6 11. Qa3 b6 12. Be3 Qc7 13. Rac1 Bb7 14. d5 b5 15. Rfd1 Rfd8 16. Qb3 c4 17. Qb4 Bf8 18.
a4 e6 19. d6 Qc6 20. Nd4 Qc5 21. Qb1 Qe5 22. Nf3 Qxe4 23. axb5 Qxb1 24. Rxb1 Be4 25. Rb4 axb5 26. Rxb5 Bd5 27. Bf4 Ra6 28. Nd2 Rc8 29. Bf3 Bxd6 30. Bxd5 Bxf4 31. Bb7 Rb6 32. Rxb6 Nxb6 33.
Bxc8 Nxc8 34. Nxc4 Ne7 35. g3 Bh6 36. Rd8+ Kg7 37. Rd7 Nd5 38. Ne5 Nxc3 39. Nxf7 Kg8 40. Nxh6+ 1-0

[Event "*** SCC Grand Prix: Titled Tuesday Blitz"]
[Site "Chess.com"]
[Date "2020.07.07"]
[Round "2"]
[White "FrenchMonster2002"]
[Black "BakaPG"]
[Result "0-1"]
[WhiteElo "2443"]
[BlackElo "2668"]
[TimeControl "180+1"]
[EndTime "10:18:41 PDT"]
[Termination "BakaPG won by resignation"]

1. e4 e6 2. d4 d5 3. e5 c5 4.
c3 Nc6 5. Nf3 Nge7 6. Na3 Nf5 7.
Nc2 cxd4 8. cxd4 Be7 9. Bd3 h5 10. O-O g5 11. Be3 g4 12. Nd2 Rg8 13. b4 Bd7 14. b5 Na5 15. a4 Rc8 16. Rb1 Rc3 17. Qe2 Qc7 18. Nb4 Nxe3 19. fxe3 Bg5 20. Kh1 Rg7 21.
e4 Nc4 22. Nxc4 dxc4 23. Bc2 Bc8 24. Rbd1 Qa5 25. Rb1 Qb6 26. Rbd1 a5 27. Na2 Ra3 28. Qxc4 Bd7 29. d5 h4 30. Bb3 h3 31. g3 Be7 32. d6 Bd8 33. Nc3 Rg5 34. Nd5 exd5 35.
Qd4 Qxd4 36. Rxd4 Rxb3 37. exd5 Rxe5 38. Rdf4 f5 39. Kg1 Bb6+ 40. R4f2 Rb2 41. Kh1 Bxf2 42.
Rxf2 Re1+ 0-1

[Event "*** SCC Grand Prix: Titled Tuesday Blitz"]
[Site "Chess.com"]
[Date "2020.07.07"]
[Round "2"]
[White "eljanov"]
[Black "Roman_Ovetchkin"]
[Result "0-1"]
[WhiteElo "2872"]
[BlackElo "2582"]
[TimeControl "180+1"]
[EndTime "10:18:42 PDT"]
[Termination "Roman_Ovetchkin won on time"]

1. e4 c6 2. d4 d5 3. exd5 cxd5 4. Bd3 Nc6 5. c3 Nf6 6. Bf4 Bg4 7. Qb3 Qd7 8. Nd2 e6 9. Ngf3 Bd6 10. Bxd6 Qxd6 11.
O-O O-O 12. Rfe1 Bxf3 13. Nxf3 Qc7 14. Qc2 Rfc8 15. a3 Rab8 16. Ne5 Nxd4 17. Qd1 Nc6 18. Ng4 Nxg4 19. Qxg4 g6 20. Qh4 Re8 21. Rad1 Rbd8 22.
h3 Kg7 23. Bb1 Qe7 24. Qa4 Qc5 25. Qf4 e5 26. Qf3 e4 27. Qf4 f5 28. Rc1 Qd6 29.
Qh4 Qf6 30. Qf4 Qe5 31. Qh4 Rd7 32. Ba2 Red8 33. Kh1 f4 34. Qg4 Qf5 35. Qh4 Ne5 36. Rcd1 Nd3 37. Re2 f3 38. Red2 fxg2+ 39. Kxg2 Qf3+ 40.
Kh2 Rf8 41. Rf1 Rf5 42. Bb1 Nf4 0-1

[Event "*** SCC Grand Prix: Titled Tuesday Blitz"]
[Site "Chess.com"]
[Date "2020.07.07"]
[Round "2"]
[White "GoingKronos"]
[Black "Leonid_Starozhilov"]
[Result "1-0"]
[WhiteElo "2508"]
[BlackElo "2653"]
[TimeControl "180+1"]
[EndTime "10:18:42 PDT"]
[Termination "GoingKronos won by resignation"]

1. d4 Nf6 2. Nf3 g6 3. g3 Bg7 4. Bg2 O-O 5. O-O d6 6. c4 c6 7. Nc3 Bf5 8. Ne1 e5 9. d5 cxd5 10.
cxd5 Na6 11. e4 Bd7 12. Nd3 Rc8 13. f3 Qb6+ 14. Kh1 Nb4 15. Nxb4 Qxb4 16. Rf2 Rc4 17. Be3 Rfc8 18. Bf1 Rxc3 19. bxc3 Qxc3 20. Bd3 Ba4 21. Qf1 Qa5 22. Rc1 Rf8 23. Rb2 b5 24. Bxb5 Bxb5 25.
Qxb5 Qa3 26. Qb3 Qa6 27. Qc4 Qa3 28. Qc3 Qa4 29. Kg2 h5 30. h4 Nh7 31. Qb3 Qa6 32.
Rc6 Qa5 33. Qb4 Qd8 34. Qxd6 Qe8 35. Rb7 Bf6 36. Bh6 Bg7 37. Bxg7 Kxg7 38. Qxg6+ Kh8 39. Qh6 Rg8 40. Qxh5 Qf8 41. Rxf7 1-0

[Event "*** SCC Grand Prix: Titled Tuesday Blitz"]
[Site "Chess.com"]
[Date "2020.07.07"]
[Round "2"]
[White "Msb2"]
[Black "Fusikk"]
[Result "1-0"]
[WhiteElo "2853"]
[BlackElo "2553"]
[TimeControl "180+1"]
[EndTime "10:18:43 PDT"]
[Termination "Msb2 won by resignation"]

1. d4 Nf6 2. c4 e6 3. Nc3 Bb4 4. e3 O-O 5. Bd2 b6 6. Nf3 Bb7 7. Bd3 Bxc3 8. Bxc3 Ne4 9. Bxe4 Bxe4 10. d5 Bg6 11. h4 h5 12. g4 hxg4 13. Qd4 f6 14.
Qxg4 Bf5 15. Qf4 Na6 16. h5 Nc5 17. O-O-O Nd3+ 18. Rxd3 Bxd3 19. h6 g5 20. Nxg5 fxg5 21. Qd4 e5 22. Qxd3 Qf6 23. Rg1 Qxh6 24. Bxe5 Rae8 25.
Bf4 Rxf4 26. exf4 Kf7 27. Qf5+ Qf6 28. Qxf6+ Kxf6 29. fxg5+ Kg6 30. Kd2 Rf8 31. Ke3 Rf5 32.
f4 Rf8 33. Rh1 Kf5 34. Rh6 Re8+ 35. Kf3 Rf8 36. b3 a5 37. Rf6+ Rxf6 38. gxf6 Kxf6 39. Kg4 Kg6 40. f5+ Kf6 41. Kf4 Kf7 42. Kg5 Kg7 43.
f6+ Kf7 44. Kf5 Kf8 45. Kg6 Kg8 46. f7+ Kf8 47. Kf6 c6 48. dxc6 dxc6 49. Ke6 b5 50. cxb5 cxb5 51. a3 a4 52. b4 1-0

[Event "*** SCC Grand Prix: Titled Tuesday Blitz"]
[Site "Chess.com"]
[Date "2020.07.07"]
[Round "2"]
[White "Mbneu"]
[Black "novendrapriasmoro"]
[Result "0-1"]
[WhiteElo "2258"]
[BlackElo "2635"]
[TimeControl "180+1"]
[EndTime "10:18:43 PDT"]
[Termination "novendrapriasmoro won on time"]

1. d4 Nf6 2. c4 g6 3. Nc3 Bg7 4. e4 d6 5. f4 O-O 6. Nf3 c5 7. d5 e6 8. Be2 exd5 9. cxd5 Re8 10. e5 dxe5 11. fxe5 Ng4 12. e6 fxe6 13. Bg5 Qb6 14. Qd2 h6 15. h3 Nf2 16. Kxf2 hxg5 17. Rhe1 g4 18. hxg4 c4+ 19. Kf1 exd5 20. Nxd5 Qc6 21.
Rac1 b5 22. b3 Bxg4 23. bxc4 b4 24. c5 Nd7 25. Bc4 Kh8 26. Qg5 Bh5 27. Ne7 Qf6 28. c6 Qxg5 29. Nxg5 Ne5 30. Nd5 Nxc6 31. Kg1 Bd4+ 32.
Kh1 Rac8 33. Bb3 Rxe1+ 34. Rxe1 Bg4 35. Nf7+ Kg7 36. Nd6 Rd8 37. Nb7 Rd7 38. Re4 Bf5 0-1

[Event "*** SCC Grand Prix: Titled Tuesday Blitz"]
[Site "Chess.com"]
[Date "2020.07.07"]
[Round "2"]
[White "Chess_Boxer123"]
[Black "AccioChess"]
[Result "0-1"]
[WhiteElo "2666"]
[BlackElo "2489"]
[TimeControl "180+1"]
[EndTime "10:18:44 PDT"]
[Termination "AccioChess won by resignation"]

1. d4 Nf6 2. c4 e6 3. Nc3 Bb4 4. f3 O-O 5. a3 Bxc3+ 6. bxc3 d5 7. e3 b6 8. cxd5 exd5 9. Bd3 c5 10. Ne2 Ba6 11. O-O Bxd3 12. Qxd3 Re8 13. Ng3 Nc6 14.
Bb2 h5 15. Rad1 Qe7 16. Rfe1 Qe6 17. h4 Rad8 18. e4 dxe4 19. fxe4 Qg4 20. Qf3 Qxh4 21.
Nf5 Qg4 22. Nh6+ gxh6 23. Qxf6 Re6 24. Qf2 Rxe4 25. d5 Ne5 26. Rxe4 Qxd1+ 27. Re1 Qxd5 28.
c4 Nxc4 29. Bf6 Kf8 30. Qf4 Qd2 31. Be7+ Kg7 32. Qg3+ Kh7 33. Bxd8 Qxd8 34. Rf1 Qd4+ 35. Kh1 Nd6 36. Rf6 Qxf6 37. Qd3+ Qg6 38. Qd5 Nf5 39. Qb7 Ne3 40. Kh2 Qxg2+ 0-1

[Event "*** SCC Grand Prix: Titled Tuesday Blitz"]
[Site "Chess.com"]
[Date "2020.07.07"]
[Round "2"]
[White "imdarealist"]
[Black "saikrishnaReturns"]
[Result "1-0"]
[WhiteElo "2339"]
[BlackElo "2649"]
[TimeControl "180+1"]
[EndTime "10:18:44 PDT"]
[Termination "imdarealist won by checkmate"]

1. d4 Nf6 2. Bf4 g6 3. e3 Bg7 4. Nf3 d6 5. h3 Nfd7 6. Bh2 e5 7. Be2 Nc6 8. O-O O-O 9. c4 Qf6 10. d5 Nd8 11. Nc3 Qe7 12. Qc2 f5 13. b4 a5 14. a3 g5 15. Nd2 e4 16. Nb3 b6 17.
Rac1 Nb7 18. Nb5 Ne5 19. c5 bxc5 20. bxc5 a4 21. cxd6 cxd6 22. N3d4 Nc5 23. Nc6 Nxc6 24. dxc6 Be5 25. Bxe5 Qxe5 26. Rfd1 Rd8 27. Bc4+ Kg7 28. Rd5 Qe7 29. Rcd1 Be6 30. Rxd6 Bxc4 31. Qxc4 Nd3 32. Rxd8 Rxd8 33. c7 Rc8 34. Qxa4 f4 35. Qd4+ Kg6 36. Qb6+ Kh5 37. a4 g4 38. hxg4+ Kxg4 39. Qh6 f3 40. Qh3+ Kg5 41. Qxc8 Qf7 42. Qh3 fxg2 43.
Qxg2+ Kh6 44. c8=Q Nxf2 45. Qxf2 Qg6+ 46. Qg2 Qf5 47.
Rd6+ Qg6 48. Rxg6+ hxg6 49. Qh8# 1-0

[Event "*** SCC Grand Prix: Titled Tuesday Blitz"]
[Site "Chess.com"]
[Date "2020.07.07"]
[Round "2"]
[White "chesslh19"]
[Black "sewin16"]
[Result "0-1"]
[WhiteElo "2127"]
[BlackElo "2414"]
[TimeControl "180+1"]
[EndTime "10:18:44 PDT"]
[Termination "sewin16 won on time"]

1. e4 e5 2. Nf3 Nc6 3. Bb5 Nge7 4. O-O g6 5. c3 a6 6. Ba4 Bg7 7. d4 exd4 8. cxd4 O-O 9. d5 Na5 10. Nc3 b5 11. Bc2 d6 12. a4 b4 13. Ne2 h6 14.
Rb1 Bg4 15. Ned4 c5 16. dxc6 Naxc6 17. Nxc6 Nxc6 18. Bf4 Nd4 19. Re1 Qf6 20. Qxd4 Qxf4 21. Qe3 Qxe3 22. fxe3 Rac8 23. Bd3 a5 24. Nd4 Be5 25.
h3 Bd7 26. b3 Rc3 27. Bc4 Rxe3 28. Rxe3 Bxd4 29. Kf2 Rd8 30. Ke2 Bxe3 31. Kxe3 Kf8 32. Rf1 Be8 33. Kd4 Ke7 34. Rf2 Rc8 35. g4 Rc5 36. Rf3 h5 37. Rg3 Rg5 38. Be2 Bd7 39.
h4 Re5 40. gxh5 gxh5 41. Rg5 Rxg5 42. hxg5 h4 43. Ke3 Be6 44. Bd1 h3 45. Kf2 Kf8 46. Kg3 Kg7 47. Be2 Bxb3 48. Kxh3 Bxa4 49. Kg3 Bc2 0-1

[Event "*** SCC Grand Prix: Titled Tuesday Blitz"]
[Site "Chess.com"]
[Date "2020.07.07"]
[Round "2"]
[White "szefru"]
[Black "cancrushyou"]
[Result "0-1"]
[WhiteElo "2126"]
[BlackElo "2412"]
[TimeControl "180+1"]
[EndTime "10:18:45 PDT"]
[Termination "cancrushyou won by checkmate"]

1. Nc3 d5 2. d4 c6 3. Nf3 Nf6 4. g3 Bf5 5. Bg2 e6 6. Bf4 h6 7. O-O Ne4 8. Nxe4 Bxe4 9. e3 Nd7 10.
Rc1 Be7 11. c4 O-O 12. c5 g5 13. Be5 f6 14. Bd6 Bxd6 15. cxd6 Qb8 16. Qb3 Nb6 17.
Qb4 Rd8 18. Nd2 Bxg2 19. Kxg2 Qxd6 20. Qc3 Rac8 21. b4 a6 22. f4 Kg7 23. fxg5 fxg5 24.
e4 Rf8 25. e5 Qe7 26. Rf3 Rxf3 27. Qxf3 Rf8 28. Qh5 Qxb4 29. Rc2 Qxd4 30. Nf3 Qe4 31.
Rb2 Qe3 32. Qg4 Rf7 33. h4 Nc4 34. Rf2 Qe4 35. Qxe6 g4 36. h5 gxf3+ 37. Kh2 Qxe5 38.
Qg6+ Kf8 39. Qxh6+ Qg7 40. Qe6 Qg5 41. Qc8+ Kg7 42.
h6+ Qxh6+ 43. Kg1 Qc1+ 44. Rf1 f2+ 45. Kg2 Ne3+ 46. Kh3 Qxf1+ 47. Kh4 Qh1+ 48. Kg5 Qh6# 0-1

[Event "*** SCC Grand Prix: Titled Tuesday Blitz"]
[Site "Chess.com"]
[Date "2020.07.07"]
[Round "2"]
[White "nikitakhoroshev"]
[Black "LuckIsMySkill"]
[Result "1-0"]
[WhiteElo "2504"]
[BlackElo "2698"]
[TimeControl "180+1"]
[EndTime "10:18:46 PDT"]
[Termination "nikitakhoroshev won on time"]

1. d4 Nf6 2. c4 g6 3. Nc3 d5 4.
Nf3 Bg7 5. e3 O-O 6. Qb3 c6 7. Bd2 Ne4 8. cxd5 Nxc3 9. dxc6 Nxc6 10. Bxc3 a6 11. Be2 b5 12. O-O Be6 13. Qd1 Bd5 14.
b3 Qb6 15. Rc1 Rfd8 16. Qc2 Rac8 17.
Qb1 f5 18. Nd2 e5 19. dxe5 Bxe5 20. Bxe5 Nxe5 21. Rxc8 Rxc8 22. Rc1 Rd8 23. Qb2 Qf6 24. Qc3 Bb7 25. Nf1 h5 26. Qc7 Rd7 27. Qb8+ Kg7 28. Rc7 Bd5 29. Rxd7+ Nxd7 30. Qa7 Qc6 31. Qd4+ Nf6 32.
f3 Qc7 33. Kf2 Qe7 34. Qb2 h4 35. g3 Qd6 36. Qd4 hxg3+ 37. hxg3 Kf7 38. Qc3 Qd8 39. a4 bxa4 40. bxa4 a5 41. Qc5 Kg7 42. Qd4 Kf7 43. Bb5 Qe7 44. Be2 Kg7 45. Nd2 Kf7 46. Nc4 Qb4 47. Ne5+ Ke6 48. Nd3 Qxd4 49. exd4 Bb3 50. Nc5+ Kd5 51. Nxb3 1-0

[Event "*** SCC Grand Prix: Titled Tuesday Blitz"]
[Site "Chess.com"]
[Date "2020.07.07"]
[Round "2"]
[White "Love_craft"]
[Black "kidagent"]
[Result "0-1"]
[WhiteElo "2429"]
[BlackElo "2244"]
[TimeControl "180+1"]
[EndTime "10:18:46 PDT"]
[Termination "kidagent won on time"]

1. Nf3 d5 2. g3 Nf6 3. Bg2 Bf5 4. O-O e6 5. d3 Nbd7 6. Nc3 Be7 7. Nd2 c6 8. e4 dxe4 9. dxe4 Bg4 10. f3 Bh5 11. g4 Bg6 12. f4 h5 13. f5 hxg4 14.
fxg6 Qc7 15. gxf7+ Kxf7 16. h3 gxh3 17. Bf3 Qg3+ 18. Kh1 Bd6 19. Qe2 Ne5 20. Qf2 Qxf2 21.
Rxf2 Raf8 22. Be2 Ke7 23. Nc4 Neg4 24. Bxg4 Nxg4 25. Bg5+ Kd7 26. Rxf8 Rxf8 27. Nxd6 Kxd6 28. Rd1+ Kc7 29. Re1 Rf2 30. Bh4 Rh2+ 31. Kg1 Rg2+ 32. Kh1 Rxc2 33. Bg3+ Kc8 34. Re2 Rc1+ 35. Re1 Rc2 36. Re2 Rc1+ 37. Be1 Ne5 38. Kg1 Nd3 39. Kh2 Rxe1 40. Rd2 Nxb2 0-1